 Dungeon Crawl Stone Soup version 0.31.0-12-g77e489cdc1 (webtiles) character file.

Game seed: 7352473210022663191

135 Bobsterar the Ruffian (level 5, -1/35 HPs)
             Began as an Octopode Shapeshifter on Mar 7, 2024.
             Slain by an orc
             ... wielding a +0 short sword
              (3 damage)
             ... on level 3 of the Dungeon.
             The game lasted 00:04:03 (1457 turns).

Bobsterar the Ruffian (Octopode Shapeshifter)       Turns: 1457, Time: 00:04:03

Health: -1/35      AC:  1    Str: 15    XL:     5   Next: 18%
Magic:  5/5        EV: 13    Int: 12    God:
Gold:   122        SH:  5    Dex: 12    Spells: 4/4 levels left

rFire   . .          .
                       - Unarmed
rCold   . . .        (no shield)
rNeg    . . .        (helmet currently unavailable)
rPois   .            h - amulet of reflection
rElec   .            (no ring)
rCorr   .            (no ring)
SInv    .            (no ring)
Will    +....        (no ring)
Stlth   ++           (no ring)
HPRegen 0.25/turn    (no ring)
MPRegen 0.09/turn    (no ring)
                     (no ring)

%: reflection
@: brilliant, lethally poisoned (-1 -> -5), beast-form, enlightened, flying
A: beast (slay +2), almost no armour, amphibious, 8 rings, camouflage 1,
gelatinous body 1, (nimble swimmer 1), tentacles
a: Begin Untransformation


You were on level 3 of the Dungeon.
You were a hulking beast.
You visited 1 branch of the dungeon, and saw 3 of its levels.

You collected 122 gold pieces.

Inventory:

Jewellery
 h - an amulet of reflection (around mantle)
 i - a ring of wizardry
Talismans
 b - a beast talisman (active)
 c - a flux talisman
Scrolls
 e - a scroll of vulnerability {unknown}
 f - 3 scrolls of identify {unknown}
 j - a scroll of silence {unknown}
 l - a scroll of enchant armour {unknown}
Potions
 m - a potion of brilliance


   Skills:
 + Level 2.4 Fighting
 + Level 3.1 Dodging
 + Level 3.8 Unarmed Combat
 + Level 3.6 Shapeshifting


You had 4 spell levels left.
You didn't know any spells.
Your spell library contained the following spells:

 Spells                   Type           Power      Damage    Failure   Level
 Shock                    Conj/Air       0%         1d3       32%         1
 Slow                     Hex            0%         N/A       32%         1
 Confusing Touch          Hex            0%         N/A       69%         3
 Sigil of Binding         Hex            0%         N/A       69%         3
 Swiftness                Air            0%         N/A       69%         3
 Vampiric Draining        Necr           0%         2d6       69%         3
 Airstrike                Air            0%         2d(0-16)  97%         4


Dungeon Overview and Level Annotations

Branches:
Dungeon (3/15)

Altars:


Innate Abilities, Weirdness & Mutations

You are a hulking beast.
Your limbs bulge with bestial killing power. (Slay +2)
You cannot wear most types of armour.
You are amphibious.
You can wear up to eight rings at the same time.
Your skin changes colour to match your surroundings (Stealth+).
Your rubbery body absorbs attacks. (AC +1, EV +1)
((You are camouflaged when in or above water. (Stealth+)))
You have tentacles for arms and can constrict up to eight enemies at once.


Message History

You tentacle-slap the orc priest but do no damage.
You squeeze the orc priest.
You kill the orc priest!
The rat barely misses you.
Your Dodging skill increases to level 3!
You have reached level 5!
You feel agile. You block the rat's attack. The rat misses you.
The rat closely misses you. The rat barely misses you.
The jackal closely misses you. The rat closely misses you.
You tentacle-slap the jackal.
You kill the jackal!
You block the rat's attack.
You closely miss the jackal. You grab the jackal. You constrict the jackal.
The jackal closely misses you. The rat closely misses you.
You tentacle-slap the jackal.
You kill the jackal!
The rat bites you.
* * * LOW HITPOINT WARNING * * *
You bludgeon the rat!
You kill the rat!
The hobgoblin barely misses you.
You see here a rat corpse.
You tentacle-slap the hobgoblin. Your grab misses the hobgoblin.
The hobgoblin is heavily wounded.
The hobgoblin hits you with a +0 whip of venom.
* * * LOW HITPOINT WARNING * * *
You are lethally poisoned!
You bludgeon the hobgoblin!
You kill the hobgoblin!
* * * LOW HITPOINT WARNING * * *
You feel sick.
As you read the scroll labelled ERIFUR UDYXUFE, it crumbles to dust.
It is a scroll of brand weapon.
You aren't carrying any weapons that can be branded.
* * * LOW HITPOINT WARNING * * *
You feel sick. The orc hits you with a +0 short sword.
You die...

#.... #... #...
#... #....
#.#.#### #o#....
#h#..# #.#..#
#))..### #..)...#
#....#.#
#......#.# ..
#......#.#####'#
.........#....##.#
########.####.##.#


You could see an orc.

Vanquished Creatures
  An orc priest (D:3)
  5 adders
  A ribbon worm (D:2)
  An orc (D:3)
  7 bats
  3 endoplasms
  3 giant cockroaches
  4 goblins
  5 hobgoblins
  5 jackals
  4 kobolds
  A quokka (D:1)
  6 ball pythons
  7 frilled lizards
  5 rats
58 creatures vanquished.

Notes
Turn   | Place    | Note
-------+----------+-------------------------------------------
     0 | D:1      | Bobsterar the Octopode Shapeshifter began the quest for the
                  | Orb.
     0 | D:1      | Reached XP level 1. HP: 13/13 MP: 1/1
    76 | D:1      | Reached XP level 2. HP: 18/18 MP: 2/2
   299 | D:1      | Reached XP level 3. HP: 23/23 MP: 3/3
   788 | D:2      | Reached XP level 4. HP: 24/29 MP: 4/4
  1243 | D:3      | Found a faded altar of an unknown god.
  1445 | D:3      | Reached XP level 5. HP: 7/35 MP: 5/5
  1457 | D:3      | Slain by an orc

Illustrated notes

Levels and vault maps discovered:
D:1:      spicycebolla_arrival_risky_transporter, layout_rooms
D:2:      layout_loops_ring, grunt_decor_clamped
D:3:      cheibrodos_fertilizer, layout_basic, nicolae_tso_swordbearing_angel,
          dreamdust_ecumenical_altar_grove

Skill      XL: |  1  2  3  4 |
---------------+-------------+-----
Fighting       | 2 |  2.4
Dodging        | 3 |  3.1
Unarmed Combat | |  3.8
Shapeshifting  | |  3.6

Action                     |  1- 3 |  4- 6 || total
---------------------------+-------+-------++-------
  Melee: Unarmed           |    66 |    49 ||   115
         Constrict         |    11 |    12 ||    23
         Tentacles         |     7 |     8 ||    15
         Punch             |     1 |     2 ||     3
    Use: Potion            |     1 |     3 ||     4
         Scroll            |     1 |     3 ||     4
   Stab: Sleeping          |     6 |     3 ||     9
 Armour: Skin              |    31 |    23 ||    54
  Dodge: Dodged            |    32 |    31 ||    63
  Block: Other             |     4 |     8 ||    12
   Form: Beast             |     1 |       ||     1
